AoeStats
← Suchlikepizza21

Scandinavia

510699554Analyzed
1v1 RM · 21h ago on Oct 2, 2026· 20m 5s· 2 players
Game mode
Random Map
Map size
Tiny (2 player)
Population
200
Speed
Normal
Resources
Standard
Victory
Conquest
Starting age
Dark Age
Ending age
Imperial Age
RankedLock teamsTeams togetherTeam positionsShared explorationLock speedFull tech treeHidden civsTurbo modeCheats
Victory
Defeat
🇺🇸 Saxons · United States
841
+17
🇦🇺 Cumans · Australia
869
-46
CheesyCheeseBoi215CheeseLover
12:01 Feudal Age
15:36 Castle Age
14:26 Double-Bit Axe
15:37 Loom
17:33 Gold Mining
18:14 Bow Saw
18:27 Scale Mail Armor
18:37 Forging
19:32 Chain Mail Armor
21:09 Iron Casting
Suchlikepizza21
9:25 Loom
11:52 Feudal Age
13:57 Double-Bit Axe
16:56 Horse Collar
Connection lost

Rejoining the realm…

Still unreachable

The connection could not be restored.

Session expired

The server has moved on; the page needs a fresh start.